[ AOE2 MATCH · #504653434 ]
UnrankedVietnamese vs Goths
Player's team · LOSS
Rival team · WIN
[ REPLAY ANALYSIS · EXTRACTED FROM THE RECORDED GAME ]
Feudal
9:16
Castle
29:21
Imperial
—
| APM avg | 52.6 |
| APM peak | 84 |
| eAPM avg | 22.5 |
| Villagers / military | 120 / 36 |
Focus
⚔️ 34.4% · 🌾 65.6%
Archer ×11 · Knight ×10 · Battering Ram ×9 · Militia ×6
Feudal
8:46
Castle
21:55
Imperial
—
| APM avg | 51.8 |
| APM peak | 109 |
| eAPM avg | 24.1 |
| Villagers / military | 93 / 42 |
Focus
⚔️ 39.2% · 🌾 60.8%
Huskarl ×19 · Archer ×12 · Monk ×6 · Skirmisher ×4 · Spearman ×1
Match map
Initial resources + every placement click. Lines = walls · curves = elevation contours. ◆ gold · ⬟ stone · ● berries · ✦ relic · ◌ wall gap
Your base· Open — opponent sealed themselves in
VNS TomNeva15's base· Open — 1t gap
Smoothed initial terrain · ◌ = detected wall gap · hover for details
Inputs per minute
— Đà Lạt - - VNS TomNeva15
Build order — Đà Lạt
First 150 of 249 actions detected
| 0:01 | Create | Villager (Male) |
| 0:01 | Create | Villager (Male) |
| 0:01 | Create | Villager (Male) |
| 0:02 | Create | Villager (Male) |
| 0:02 | Build | House |
| 0:04 | Build | House |
| 1:24 | Create | Villager (Male) |
| 1:56 | Build | Lumber Camp |
| 2:02 | Create | Villager (Male) |
| 2:02 | Create | Villager (Male) |
| 2:02 | Create | Villager (Male) |
| 2:14 | Create | Villager (Male) |
| 2:14 | Create | Villager (Male) |
| 2:49 | Create | Villager (Male) |
| 2:49 | Create | Villager (Male) |
| 2:49 | Create | Villager (Male) |
| 3:04 | Create | Villager (Male) |
| 3:04 | Create | Villager (Male) |
| 3:05 | Create | Villager (Male) |
| 3:19 | Build | House |
| 3:35 | Create | Villager (Male) |
| 3:35 | Create | Villager (Male) |
| 3:35 | Create | Villager (Male) |
| 4:09 | Create | Villager (Male) |
| 4:09 | Create | Villager (Male) |
| 4:09 | Create | Villager (Male) |
| 4:49 | Create | Villager (Male) |
| 4:50 | Create | Villager (Male) |
| 5:13 | Create | Villager (Male) |
| 5:13 | Create | Villager (Male) |
| 5:32 | Build | Barracks |
| 5:46 | Create | Villager (Male) |
| 6:03 | Create | Villager (Male) |
| 6:16 | Build | House |
| 6:37 | Research | Loom |
| 6:56 | Research | Feudal Age |
| 7:17 | Build | Mining Camp |
| 7:28 | Create | Militia |
| 7:28 | Create | Militia |
| 7:28 | Create | Militia |
| 7:29 | Create | Militia |
| 7:50 | Build | House |
| 8:21 | Build | Mill |
| 8:24 | Create | Militia |
| 8:24 | Create | Militia |
| 8:39 | Build | Mining Camp |
| 8:47 | Build | Mining Camp |
| 9:16 | Age | Feudal Age |
| 9:18 | Create | Villager (Male) |
| 9:22 | Research | Man-at-Arms (upgrade) |
| 9:22 | Research | Man-at-Arms (upgrade) |
| 9:35 | Create | Villager (Male) |
| 9:35 | Create | Villager (Male) |
| 9:41 | Build | Mill |
| 10:03 | Create | Villager (Male) |
| 10:03 | Create | Villager (Male) |
| 10:10 | Build | Watch Tower |
| 10:18 | Build | House |
| 10:38 | Create | Villager (Male) |
| 10:39 | Create | Villager (Male) |
| 10:39 | Create | Villager (Male) |
| 10:55 | Build | Archery Range |
| 11:28 | Build | Watch Tower |
| 11:32 | Create | Villager (Male) |
| 11:32 | Create | Villager (Male) |
| 11:32 | Create | Villager (Male) |
| 11:47 | Create | Villager (Male) |
| 11:48 | Create | Villager (Male) |
| 11:52 | Create | Archer |
| 11:53 | Create | Archer |
| 11:53 | Create | Archer |
| 11:53 | Create | Archer |
| 12:28 | Build | Watch Tower |
| 12:34 | Create | Villager (Male) |
| 12:34 | Create | Villager (Male) |
| 12:53 | Create | Villager (Male) |
| 12:53 | Create | Villager (Male) |
| 12:54 | Create | Villager (Male) |
| 13:03 | Create | Villager (Male) |
| 13:03 | Create | Villager (Male) |
| 13:07 | Build | House |
| 13:14 | Build | Outpost |
| 13:21 | Build | House |
| 13:27 | Create | Villager (Male) |
| 13:27 | Create | Villager (Male) |
| 13:28 | Create | Villager (Male) |
| 14:00 | Create | Villager (Male) |
| 14:01 | Create | Villager (Male) |
| 14:25 | Create | Villager (Male) |
| 14:33 | Build | Farm |
| 14:33 | Create | Villager (Male) |
| 14:34 | Create | Villager (Male) |
| 14:38 | Build | Outpost |
| 15:11 | Create | Villager (Male) |
| 15:27 | Create | Villager (Male) |
| 15:41 | Create | Villager (Male) |
| 15:42 | Create | Villager (Male) |
| 16:09 | Build | Watch Tower |
| 16:16 | Create | Villager (Male) |
| 16:16 | Create | Villager (Male) |
| 16:16 | Create | Villager (Male) |
| 16:16 | Create | Villager (Male) |
| 16:19 | Build | Blacksmith |
| 16:37 | Build | Farm |
| 16:38 | Build | Farm |
| 16:39 | Build | Farm |
| 16:50 | Create | Villager (Male) |
| 17:24 | Build | Farm |
| 17:25 | Build | Farm |
| 17:44 | Create | Villager (Male) |
| 17:51 | Build | Farm |
| 18:02 | Create | Archer |
| 18:02 | Create | Archer |
| 18:02 | Create | Archer |
| 18:03 | Create | Archer |
| 18:03 | Create | Archer |
| 18:13 | Build | Watch Tower |
| 18:17 | Create | Villager (Male) |
| 18:17 | Create | Villager (Male) |
| 19:15 | Create | Villager (Male) |
| 19:15 | Create | Villager (Male) |
| 19:15 | Create | Villager (Male) |
| 19:34 | Create | Villager (Male) |
| 19:35 | Create | Villager (Male) |
| 19:37 | Build | Farm |
| 19:38 | Build | Farm |
| 19:39 | Build | Farm |
| 19:42 | Build | House |
| 19:45 | Create | Archer |
| 19:46 | Create | Archer |
| 19:47 | Create | Villager (Male) |
| 19:47 | Create | Villager (Male) |
| 19:50 | Research | Fletching |
| 19:50 | Research | Fletching |
| 20:11 | Build | Watch Tower |
| 20:26 | Create | Villager (Male) |
| 20:26 | Create | Villager (Male) |
| 20:28 | Build | Farm |
| 20:29 | Build | Farm |
| 20:32 | Build | House |
| 20:53 | Create | Villager (Male) |
| 20:55 | Build | Farm |
| 20:57 | Build | Farm |
| 20:58 | Build | Farm |
| 21:01 | Create | Villager (Male) |
| 21:02 | Create | Villager (Male) |
| 21:26 | Build | House |
| 21:27 | Build | House |
| 21:31 | Create | Villager (Male) |
| 21:31 | Create | Villager (Male) |
Build order — VNS TomNeva15
First 150 of 203 actions detected
| 0:00 | Create | Villager (Male) |
| 0:00 | Create | Villager (Male) |
| 0:01 | Build | House |
| 0:02 | Build | House |
| 0:12 | Create | Villager (Male) |
| 0:12 | Create | Villager (Male) |
| 1:25 | Create | Villager (Male) |
| 1:26 | Create | Villager (Male) |
| 1:56 | Build | Lumber Camp |
| 2:00 | Create | Villager (Male) |
| 2:00 | Create | Villager (Male) |
| 2:18 | Create | Villager (Male) |
| 2:18 | Create | Villager (Male) |
| 2:29 | Research | Loom |
| 2:47 | Create | Villager (Male) |
| 2:47 | Create | Villager (Male) |
| 3:01 | Build | House |
| 3:13 | Create | Villager (Male) |
| 3:14 | Create | Villager (Male) |
| 3:29 | Build | House |
| 3:43 | Create | Villager (Male) |
| 3:43 | Create | Villager (Male) |
| 4:26 | Create | Villager (Male) |
| 4:26 | Create | Villager (Male) |
| 5:08 | Create | Villager (Male) |
| 5:24 | Build | Mill |
| 5:31 | Build | Palisade Wall |
| 5:40 | Create | Villager (Male) |
| 6:25 | Build | Palisade Wall |
| 6:33 | Build | Palisade Wall |
| 6:36 | Research | Feudal Age |
| 6:43 | Build | Palisade Wall |
| 6:59 | Build | Palisade Wall |
| 7:05 | Build | Palisade Wall |
| 7:29 | Create | Villager (Male) |
| 7:43 | Build | Barracks |
| 8:05 | Create | Villager (Male) |
| 8:32 | Build | House |
| 8:46 | Age | Feudal Age |
| 8:51 | Build | Palisade Wall |
| 8:57 | Build | Archery Range |
| 9:01 | Create | Villager (Male) |
| 9:16 | Build | House |
| 9:25 | Research | Double-Bit Axe |
| 9:39 | Create | Villager (Male) |
| 9:46 | Create | Archer |
| 10:04 | Create | Villager (Male) |
| 10:23 | Build | Mining Camp |
| 10:30 | Create | Villager (Male) |
| 10:32 | Create | Skirmisher |
| 11:04 | Create | Villager (Male) |
| 11:09 | Build | Blacksmith |
| 11:19 | Create | Skirmisher |
| 11:43 | Create | Villager (Male) |
| 11:46 | Build | Mining Camp |
| 11:58 | Research | Fletching |
| 11:58 | Research | Fletching |
| 12:01 | Create | Villager (Male) |
| 12:06 | Create | Villager (Male) |
| 12:08 | Build | Palisade Gate |
| 12:23 | Create | Skirmisher |
| 12:26 | Build | Farm |
| 12:28 | Build | Farm |
| 12:31 | Build | Palisade Wall |
| 12:38 | Create | Villager (Male) |
| 12:53 | Create | Skirmisher |
| 12:57 | Build | House |
| 12:59 | Create | Villager (Male) |
| 13:02 | Build | House |
| 13:07 | Build | Farm |
| 13:08 | Create | Villager (Male) |
| 13:23 | Build | Farm |
| 13:23 | Create | Villager (Male) |
| 13:30 | Build | House |
| 13:42 | Create | Villager (Male) |
| 13:49 | Build | Farm |
| 14:05 | Build | House |
| 14:17 | Create | Spearman |
| 14:25 | Create | Villager (Male) |
| 14:32 | Build | House |
| 14:33 | Build | Palisade Wall |
| 14:44 | Build | Archery Range |
| 14:53 | Create | Villager (Male) |
| 15:14 | Build | Mining Camp |
| 15:21 | Create | Villager (Male) |
| 15:28 | Build | Farm |
| 15:29 | Build | Farm |
| 15:43 | Create | Archer |
| 15:43 | Create | Archer |
| 15:50 | Build | Farm |
| 15:51 | Create | Villager (Male) |
| 16:18 | Build | Farm |
| 16:21 | Create | Archer |
| 16:33 | Build | Farm |
| 16:34 | Create | Villager (Male) |
| 19:15 | Research | Castle Age |
| 19:29 | Build | Lumber Camp |
| 19:35 | Create | Archer |
| 19:35 | Create | Archer |
| 20:05 | Research | Padded Archer Armor |
| 20:13 | Create | Archer |
| 20:15 | Create | Archer |
| 20:18 | Research | Horse Collar |
| 21:07 | Research | Wheelbarrow |
| 21:30 | Create | Archer |
| 21:55 | Age | Castle Age |
| 21:57 | Research | Crossbowman (upgrade) |
| 22:01 | Build | Town Center |
| 22:33 | Create | Villager (Male) |
| 22:42 | Create | Villager (Male) |
| 22:46 | Build | Farm |
| 22:49 | Build | Farm |
| 22:55 | Create | Archer |
| 23:10 | Build | Market |
| 23:15 | Create | Villager (Male) |
| 23:19 | Create | Villager (Male) |
| 23:45 | Create | Archer |
| 23:46 | Create | Archer |
| 24:03 | Create | Villager (Male) ×3 |
| 24:03 | Create | Villager (Male) ×3 |
| 25:44 | Build | Lumber Camp |
| 25:58 | Build | Castle |
| 26:31 | Create | Villager (Male) |
| 26:32 | Create | Villager (Male) |
| 27:00 | Create | Huskarl |
| 27:00 | Create | Huskarl |
| 27:01 | Create | Huskarl |
| 27:04 | Research | Scale Mail Armor |
| 27:15 | Build | Farm |
| 27:16 | Build | Farm |
| 27:16 | Create | Villager (Male) |
| 27:38 | Create | Villager (Male) |
| 27:39 | Build | Farm |
| 27:54 | Build | Town Center |
| 28:03 | Build | Farm |
| 28:29 | Build | Farm |
| 28:30 | Create | Villager (Male) |
| 28:37 | Build | Farm |
| 28:38 | Build | Farm |
| 28:39 | Build | Farm |
| 28:40 | Build | Farm |
| 28:55 | Create | Villager (Male) ×2 |
| 29:12 | Build | Farm |
| 29:13 | Create | Villager (Male) |
| 29:14 | Create | Villager (Male) |
| 29:31 | Create | Villager (Male) |
| 29:31 | Create | Villager (Male) |
| 29:37 | Create | Villager (Male) |
| 30:09 | Build | Mining Camp |
| 30:20 | Build | Monastery |
Match timeline
| 5:31 | VNS TomNeva15 · wall_segment Palisade Wall x5 |
| 5:32 | Đà Lạt · first_building Barracks |
| 6:25 | VNS TomNeva15 · wall_segment Palisade Wall x5 |
| 6:33 | VNS TomNeva15 · wall_segment Palisade Wall x5 |
| 6:43 | VNS TomNeva15 · wall_segment Palisade Wall x4 |
| 6:59 | VNS TomNeva15 · wall_segment Palisade Wall x4 |
| 7:05 | VNS TomNeva15 · wall_segment Palisade Wall x1 |
| 7:43 | VNS TomNeva15 · first_building Barracks |
| 8:46 | VNS TomNeva15 · age_up feudal |
| 8:51 | VNS TomNeva15 · wall_segment Palisade Wall x7 |
| 8:57 | VNS TomNeva15 · first_building Archery Range |
| 9:16 | Đà Lạt · age_up feudal |
| 10:55 | Đà Lạt · first_building Archery Range |
| 12:31 | VNS TomNeva15 · wall_segment Palisade Wall x1 |
| 14:33 | VNS TomNeva15 · wall_segment Palisade Wall x1 |
| 21:55 | VNS TomNeva15 · age_up castle |
| 24:52 | VNS TomNeva15 · first_market_buy 500 stone |
| 25:58 | VNS TomNeva15 · first_building Castle |
| 27:24 | Đà Lạt · first_building Stable |
| 27:44 | Đà Lạt · wall_segment Stone Wall x1 |
| 27:44 | Đà Lạt · wall_segment Stone Wall x2 |
| 27:44 | Đà Lạt · wall_segment Stone Wall x2 |
| 27:44 | Đà Lạt · wall_segment Stone Wall x2 |
| 27:45 | Đà Lạt · wall_segment Stone Wall x2 |
| 27:45 | Đà Lạt · wall_segment Stone Wall x1 |
| 27:45 | Đà Lạt · wall_segment Stone Wall x1 |
| 27:45 | Đà Lạt · wall_segment Stone Wall x1 |
| 27:46 | Đà Lạt · wall_segment Stone Wall x1 |
| 29:21 | Đà Lạt · age_up castle |
| 29:48 | Đà Lạt · first_building Siege Workshop |
| 30:20 | VNS TomNeva15 · first_building Monastery |
| 30:34 | Đà Lạt · first_market_buy 100 wood |
| 37:07 | Đà Lạt · resign |
[ AI ANALYSIS · 1 CREDIT ]
What really happened in this match?
Wolo.gg analyzes every decision: build order, eco, micro, common mistakes by bracket. Personalized analysis on WhatsApp or Discord in 30 seconds.
Civ guide
Vietnamese
Perfil
Đà Lạt